 Dungeon Crawl Stone Soup version 0.22-a0-603-gfc1114d (webtiles) character file.

28 Treefire the Ducker (level 2, 0/16 HPs)
             Began as a Spriggan Berserker on July 7, 2018.
             Was a Follower of Trog.
             Slain by a leopard gecko (2 damage)
             ... on level 1 of the Dungeon.
             The game lasted 00:08:50 (1731 turns).

Treefire the Ducker (Spriggan Berserker)            Turns: 1731, Time: 00:08:51

Health: 0/16       AC:  2    Str: 13    XL:     2   Next: 96%
Magic:  3/3        EV: 20    Int:  8    God:    Trog [*.....]
Gold:   41         SH:  0    Dex: 15    Spells: 1/1 levels left

rFire    . . .     SeeInvis +   a - +0 short sword
rCold    . . .     Gourm    .   (shield restricted)
rNeg     . . .     Faith    .   b - +0 animal skin
rPois    .         Spirit   .   (helmet restricted)
rElec    .         Reflect  .   (no cloak)
rCorr    .         Harm     .   (gloves unavailable)
MR       .....                  (boots unavailable)
Stlth    ++........             (no amulet)
HPRegen  0.05/turn              (no ring)
MPRegen  0.08/turn              (no ring)

@: very quick
A: very small, unfitting armour, see invisible, herbivore, speed 3, slow
metabolism 2
a: Berserk, Renounce Religion


You were on level 1 of the Dungeon.
You worshipped Trog.
Trog was aware of your devotion.
You were not hungry.

You visited 1 branch of the dungeon, and saw 2 of its levels.

You collected 41 gold pieces.

Inventory:

Hand Weapons
 a - a +0 short sword (weapon)
 g - a cursed -1 dagger
Missiles
 f - 25 sling bullets
 h - 36 bolts
 i - 22 stones (quivered)
Armour
 b - a +0 animal skin (worn)
Scrolls
 e - a scroll of identify {unknown}
Potions
 d - a potion of degeneration {unknown}
Comestibles
 c - 3 rations


   Skills:
 * Level 2.7 Fighting
 * Level 3.8 Short Blades
 + Level 4.7 Dodging
 + Level 1.4 Stealth


You had one spell level left.
You didn't know any spells.
Your spell library was empty.

Dungeon Overview and Level Annotations

Branches:
Dungeon (2/15)

Altars:


Innate Abilities, Weirdness & Mutations

You are very small and have problems with some larger weapons.
You are too small for most types of armour.
You have supernaturally acute eyesight. (SInv)
You are a herbivore.
You cover ground extremely quickly.
You need to consume almost no food.


Message History

There is a stone staircase leading up here.
You closely miss the leopard gecko. The leopard gecko bites you.
The kobold throws a stone.
The stone hits you.
You miss the leopard gecko. The leopard gecko bites you.
The kobold throws a stone.
The stone hits you but does no damage.
You are too injured to fight recklessly!
You are too injured to fight recklessly!
The leopard gecko completely misses you. x2
You climb upwards.
There is a stone staircase leading down here.
Unknown command.
You hit the leopard gecko but do no damage.
The leopard gecko closely misses you.
You barely miss the leopard gecko. The leopard gecko bites you.
You hit the leopard gecko but do no damage.
The leopard gecko bites you.
* * * LOW HITPOINT WARNING * * *
You hit the leopard gecko but do no damage.
The leopard gecko bites you.
You die...

########################
#......................#
##########.#####...............#
...........####................#
................@..............#
#########..####..l.......).....#
...............................#
#########..###.................#
.......##..###.................#
.......##......................#
.......###.####................#
........##.# #................#
........##.# #................#


You could see a leopard gecko.

Vanquished Creatures
  An ooze (D:1)
  A dart slug (D:1)
  2 giant cockroaches
  4 hobgoblins
  2 jackals (D:2)
  A ball python (D:2)
  2 bats
  A frilled lizard (D:1)
  2 goblins (D:1)
  5 kobolds (D:1)
  A rat (D:2)
22 creatures vanquished.

Notes
Turn   | Place    | Note
-------+----------+-------------------------------------------
     0 | D:1      | Treefire the Spriggan Berserker began the quest for the Orb.
     0 | D:1      | Reached XP level 1. HP: 11/11 MP: 2/2
   290 | D:1      | Reached skill level 1 in Stealth
   290 | D:1      | Reached XP level 2. HP: 16/16 MP: 3/3
  1731 | D:1      | Slain by a leopard gecko

Vault maps used:
D:1:      matt_arrival_diagonals, feat_on_display

Skill      XL: |  1 |
---------------+----+-----
Stealth        | 1 |  1.4
Fighting       | |  2.7
Short Blades   | |  3.8
Dodging        | |  4.7

Action                   || total
-------------------------++-------
Melee: Short sword       ||    90
 Stab: Sleeping          ||     2
Armor: Animal skin       ||     9
Dodge: Dodged            ||    65

Table legend:
 A = Spawn XP
 B = Non-spawn XP
 C = Spawn XP percentage of total XP
 D = Spawn monster count
 E = Non-spawn monster count
 F = Spawn count percentage of total count
 G = Total turns spent on level
                    A         B        C        D         E        F      G
               +---------+---------+-------+---------+---------+-------+---------
         Total |       0 |      40 |   0.0 |       0 |      22 |   0.0 |  1731
               +---------+---------+-------+---------+---------+-------+---------
           D:1 |       0 |      29 |   0.0 |       0 |      15 |   0.0 |  1557
           D:2 |       0 |      11 |   0.0 |       0 |       7 |   0.0 |   174
               +---------+---------+-------+---------+---------+-------+---------
